 Dungeon Sprint DCSS version 0.21.1-1-g345015f (webtiles) character file.

251553 Gingerlord the Impregnable (level 17, -36/132 HPs)
             Began as a Gargoyle Fighter on July 8, 2018.
             Was the Champion of Okawaru.
             Killed from afar by Xtahua (82 damage)
             ... with a searing blast
             ... in the Dungeon (Sprint IX: "|||||||||||||||||||||||||||||").
             The game lasted 00:25:22 (7012 turns).

Gingerlord the Impregnable (Gargoyle Fighter)       Turns: 7012, Time: 00:25:22

Health: -36/132    AC: 55    Str: 31    XL:     17   Next: 90%
Magic:  32/32      EV: 22    Int: 15    God:    Okawaru [******]
Gold:   514        SH: 20    Dex: 18    Spells: 16/16 levels left

rFire    x . .     SeeInvis +   C - +8 scimitar "Velak" {flame, Str+5 Int+2}
rCold    + + +     Gourm    .   A - +1 shield {AC+3}
rNeg     + . .     Faith    .   s - +3 plate armour of the Albatross {Dex+4}
rPois    ∞         Spirit   .   w - +2 helmet {SInv}
rElec    +         Reflect  .   c - scarf {cloud immunity}
rCorr    .         Harm     .   q - +2 pair of gloves of Least Resistance {rF- rC+++ Int+2 Stlth+}
MR       +....     NoTele   +   y - +2 pair of boots {run}
Stlth    ..........             t - amulet of magic regeneration
HPRegen  0.32/turn              D - +4 ring of protection
MPRegen  0.48/turn              E - +6 ring of strength

@: flying, quick
A: big wings, negative energy resistance 1, electricity resistance, unbreathing,
petrification resistance, rot immunity, AC +12
}: 5/15 runes: decaying, serpentine, barnacled, silver, gossamer
a: Stop Flying, Heroism, Finesse, Renounce Religion


You were in the Dungeon.
You worshipped Okawaru.
Okawaru was exalted by your worship.
You were not hungry.

You visited 1 branch You collected 914 gold pieces.
You spent 400 gold pieces at shops.

Inventory:

Hand Weapons
 r - a +4 double sword
 C - the +8 scimitar "Velak" (weapon) {flame, Str+5 Int+2}
   (Okawaru gifted it to you in the Dungeon)

   It has been specially enchanted to burn those struck by it, causing extra
   injury to most foes and up to half again as much damage against particularly
   susceptible opponents.
   Big, fiery blades are also staple armaments of hydra-hunters.
   It affects your strength (+5).
   It affects your intelligence (+2).
Armour
 c - a scarf of cloud immunity (worn)
 q - the +2 pair of gloves of Least Resistance (worn) {rF- rC+++ Int+2 Stlth+}
   (Okawaru gifted it to you in the Dungeon)

   It affects your intelligence (+2).
   It makes you vulnerable to fire.
   It renders you almost immune to cold.
   It makes you more stealthy.
 s - the +3 plate armour of the Albatross (worn) {Dex+4}
   (You found it in the Dungeon)

   It affects your dexterity (+4).
 w - a +2 helmet of see invisible (worn)
 x - a +2 hat of magic resistance
 y - a +2 pair of boots of running (worn)
 A - a +1 shield of protection (worn)
Jewellery
 t - an amulet of magic regeneration (around neck)
 D - a +4 ring of protection (left hand)
 E - a +6 ring of strength (right hand)
Wands
 o - a wand of iceblast (19)
Scrolls
 b - 6 scrolls of identify
 k - a scroll of blinking
 m - 5 scrolls of remove curse
 n - 2 scrolls of amnesia
 p - 4 scrolls of enchant weapon
 v - 4 scrolls of fear
 B - 3 scrolls of fog
Potions
 a - a potion of resistance
 d - 3 potions of might
 e - 5 potions of curing
 g - 3 potions of heal wounds
 h - 2 potions of haste
 i - 4 potions of magic
 j - 2 potions of berserk rage
 l - a potion of invisibility
Comestibles
 f - 15 rations


   Skills:
 + Level 23.7 Fighting
 + Level 20.6 Long Blades
 + Level 23.8 Armour
 - Level 19.1 Dodging
 + Level 23.7 Shields
 * Level 23.3 Invocations


You had 16 spell levels left.
You didn't know any spells.

Dungeon Overview and Level Annotations

Branches:
Dungeon (1/1)

Altars:
Cheibriados
Dithmenos
Elyvilon
Fedhas
Gozag
Hepliaklqana
Kikubaaqudgha
Makhleb
Nemelex Xobeh
Okawaru
Qazlal
Ru
Sif Muna
Trog
Uskayaw
Vehumet
Wu Jian
Xom
Yredelemnul
Zin
The Shining One
Beogh
Jiyva
Lugonu

Shops:
D (%(%

Annotations:
D Xtahua


Innate Abilities, Weirdness & Mutations

You are resistant to torment.
Your stone body is resilient. (AC +12)
You are immune to poison.
Your large and strong wings let you fly indefinitely.
You resist negative energy. (rN+)
You are resistant to electric shocks. (rElec)
You can survive without breathing.
You are immune to petrification.
You are immune to rotting.


Message History

You block Xtahua's attack. Xtahua claws you but does no damage.
You block Xtahua's attack.
You slash Xtahua!
Xtahua is moderately wounded.
You slice Xtahua!!
Xtahua is heavily wounded.
Xtahua bites you but does no damage. Xtahua barely misses you.
You block Xtahua's attack.
You slash Xtahua!
Xtahua is heavily wounded.
Xtahua roars overwhelmingly at you!
You struggle to resist.
You hit Xtahua but do no damage.
Xtahua is heavily wounded.
You slash Xtahua!
Xtahua is severely wounded.
Xtahua breathes flames at you. The searing blast hits you!
The fire burns you terribly!
Ouch! That really hurt!
You die...

▓(▓.▓)▓.▓.▓.▓÷▓)
▓.▓†▓.▓'▓.▓.▓.▓)▓.
▓.▓!▓.▓)▓.▓.▓.▓)▓.
▓.▓[▓.▓)▓.▓.▓.▓.▓.
▓.▓(▓.▓)▓.▓.▓.▓.▓.
▓.▓.▓.▓)▓.▓.▓.▓.▓.
▓.▓†▓.▓)▓.▓.▓.▓.▓.
▓D▓(▓.▓†▓.▓.▓.▓.▓.
▓@▓[▓.▓)▓.▓.▓.▓.▓.
▓.▓.▓.▓.▓.▓'▓.▓.▓.
▓.▓[▓.▓)▓.▓.▓.▓'▓.
▓§▓†▓.▓.▓.▓.▓.▓.▓.
▓.▓.▓.▓.▓.▓.▓.▓.▓.
▓.▓)▓.▓[▓.▓.▓.▓.▓.
▓.▓.▓.▓.▓.▓.▓.▓.▓.
▓.▓=▓.▓'▓.▓.▓.▓.▓.
▓.▓'▓.▓.▓.▓.▓.▓.▓.


You could see Xtahua.

Vanquished Creatures
  Sojobo (D)
  Saint Roka (D)
  2 golden dragons (D)
  Nikola (D)
  A lich (D)
  A titan (D)
  Gastronok (D)
  3 sphinxes (D)
  A thorn hunter (D)
  2 tengu reavers (D)
  Kirke (D)
  5 shadow dragons (D)
  Agnes (D)
  6 nagarajas (D)
  Ilsuiw (D)
  3 fire giants (D)
  A ghost moth (D)
  Aizul (D)
  4 emperor scorpions (D)
  A frost giant (D)
  A vault warden (D)
  4 ironheart preservers (D)
  4 stone giants (D)
  A vampire knight (D)
  3 very ugly things (D)
  2 entropy weavers (D)
  A spark wasp (D)
  3 ettins (D)
  3 merfolk javelineers (D)
  2 merfolk impalers (D)
  A fire dragon (D)
  A great orb of eyes (D)
  A rakshasa (D)
  2 yaktaur captains (D)
  2 ice dragons (D)
  7 hydras (D)
  2 merfolk avatars (D)
  3 naga warriors (D)
  25 vault guards (D)
  3 centaur warriors (D)
  A ghost crab (D)
  Erica (D)
  A catoblepas (D)
  A death knight (D)
  3 deep troll earth magi (D)
  A two-headed ogre (D)
  4 merfolk aquamancers (D)
  3 ogre magi (D)
  2 naga sharpshooters (D)
  2 deep troll shamans (D)
  A spriggan berserker (D)
  4 death yaks (D)
  2 orc high priests (D)
  A deep elf knight (D)
  A shock serpent (D)
  Nergalle (D)
  A spriggan druid (D)
  A shadow wraith (D)
  2 flayed ghosts (D)
  6 swamp dragons (D)
  2 sea snakes (D)
  2 ironbrand convokers (D)
  A harpy (D)
  2 necromancers (D)
  An orb spider (D)
  2 wizards (D)
  A mana viper (D)
  3 orc knights (D)
  A wolf spider (D)
  11 orc sorcerers (D)
  2 ugly things (D)
  2 cyclopes (D)
  5 moths of wrath (D)
  3 black mambas (D)
  2 guardian serpents (D)
  A naga mage (D)
  A gargoyle (D)
  An elephant (D)
  A torpor snail (D)
  6 spiny frogs (D)
  3 yaktaurs (D)
  2 demonic crawlers (D)
  A freezing wraith (D)
  2 komodo dragons (D)
  A troll (D)
  A merfolk (D)
  3 hornets (D)
  5 jumping spiders (D)
  A snapping turtle (D)
  2 slime creatures (D)
  2 wind drakes (D)
  A dream sheep (D)
  2 bog bodies (D)
  A spriggan (D)
  A redback (D)
  3 yaks (D)
  A water elemental (D)
  A tarantella (D)
  A wyvern (D)
  2 hogs (D)
  A basilisk (D)
  A vampire mosquito (D)
  3 nagas (D)
  4 water moccasins (D)
  11 orc warriors (D)
  2 swamp drakes (D)
  A sky beast (D)
  An eye of draining (D)
  2 wolves (D)
  A centaur (D)
  3 crocodiles (D)
  4 bullfrogs (D)
  A killer bee (D)
  7 orc priests (D)
  8 orc wizards (D)
  A worker ant (D)
  An adder (D)
  An adder zombie (D)
  An adder skeleton (D)
  7 orcs (D)
  A bat (D)
  A goblin (D)
  A jackal zombie (D)
  A kobold (D)
  A quokka skeleton (D)
  2 rats (D)
302 creatures vanquished.

Vanquished Creatures (others)
  2 briar patches (D)
2 creatures vanquished.

Grand Total: 304 creatures vanquished

Notes
Turn   | Place    | Note
-------+----------+-------------------------------------------
     0 | D        | Gingerlord the Gargoyle Fighter began the quest for the Orb.
     0 | D        | Reached XP level 1. HP: 14/14 MP: 1/1
     1 | D        | Banished a spatial maelstrom
    22 | D        | Noticed an orc priest
    22 | D        | Noticed a worker ant
    22 | D        | Noticed a centaur
    31 | D        | Killed an orc priest
    31 | D        | Reached XP level 2. HP: 18/20 MP: 2/2
    31 | D        | Reached XP level 3. HP: 21/24 MP: 3/3
    46 | D        | Reached XP level 4. HP: 20/30 MP: 4/4
    50 | D        | Killed a centaur
    50 | D        | Reached skill level 5 in Fighting
    50 | D        | Reached skill level 5 in Armour
    50 | D        | Reached skill level 5 in Shields
    50 | D        | Reached XP level 5. HP: 13/36 MP: 5/5
   246 | D        | Found a roughly hewn altar of Beogh.
   246 | D        | Found a snail-covered altar of Cheibriados.
   246 | D        | Found a shadowy altar of Dithmenos.
   246 | D        | Found a white marble altar of Elyvilon.
   246 | D        | Found a blossoming altar of Fedhas.
   246 | D        | Found an opulent altar of Gozag.
   247 | D        | Found a hazy altar of Hepliaklqana.
   248 | D        | Found a viscous altar of Jiyva.
   249 | D        | Found an ancient bone altar of Kikubaaqudgha.
   250 | D        | Found a corrupted altar of Lugonu.
   251 | D        | Found a burning altar of Makhleb.
   252 | D        | Found a sparkling altar of Nemelex Xobeh.
   253 | D        | Found an iron altar of Okawaru.
   254 | D        | Found a stormy altar of Qazlal.
   255 | D        | Found a sacrificial altar of Ru.
   256 | D        | Found a deep blue altar of Sif Muna.
   257 | D        | Found a bloodstained altar of Trog.
   258 | D        | Found a hide-covered altar of Uskayaw.
   259 | D        | Found a radiant altar of Vehumet.
   260 | D        | Found an ornate altar of the Wu Jian Council.
   261 | D        | Became a worshipper of Warmaster Okawaru
   262 | D        | Found a shimmering altar of Xom.
   263 | D        | Found a basalt altar of Yredelemnul.
   264 | D        | Found a glowing silver altar of Zin.
   265 | D        | Found a glowing golden altar of the Shining One.
   318 | D        | Noticed an orc warrior
   333 | D        | Reached skill level 5 in Long Blades
   333 | D        | Reached XP level 6. HP: 30/42 MP: 5/7
   345 | D        | Reached * piety under Okawaru
   355 | D        | Killed an orc warrior
   486 | D        | Noticed a sky beast
   486 | D        | Noticed an eye of draining
   486 | D        | Noticed a slime creature
   486 | D        | Noticed a wyvern
   490 | D        | Killed a sky beast
   490 | D        | Reached skill level 5 in Dodging
   490 | D        | Reached XP level 7. HP: 48/48 MP: 2/10
   502 | D        | Reached skill level 5 in Invocations
   509 | D        | Killed a slime creature
   509 | D        | Reached ** piety under Okawaru
   513 | D        | Reached XP level 8. HP: 54/55 MP: 2/12
   521 | D        | Killed a wyvern
   753 | D        | Noticed a spiny frog
   753 | D        | Noticed a spiny frog
   753 | D        | Noticed a komodo dragon
   755 | D        | Noticed a spiny frog
   759 | D        | Noticed a spiny frog
   769 | D        | Killed a spiny frog
   769 | D        | Reached *** piety under Okawaru
   781 | D        | Killed a spiny frog
   781 | D        | Reached XP level 9. HP: 35/62 MP: 14/14
   790 | D        | Killed a komodo dragon
   790 | D        | Reached **** piety under Okawaru
   790 | D        | Reached skill level 10 in Armour
   790 | D        | Reached skill level 10 in Shields
   800 | D        | Killed a spiny frog
   800 | D        | Reached skill level 10 in Fighting
   809 | D        | Killed a spiny frog
  1014 | D        | Noticed a komodo dragon
  1014 | D        | Noticed an elephant
  1021 | D        | Killed a komodo dragon
  1039 | D        | Reached XP level 10. HP: 51/68 MP: 16/16
  1049 | D        | Killed an elephant
  1049 | D        | Reached ***** piety under Okawaru
  1166 | D        | Noticed a death yak
  1166 | D        | Noticed a death yak
  1166 | D        | Noticed a catoblepas
  1166 | D        | Noticed a death yak
  1173 | D        | Noticed a death yak
  1191 | D        | Killed a death yak
  1207 | D        | Killed a death yak
  1207 | D        | Reached skill level 10 in Invocations
  1216 | D        | Killed a catoblepas
  1216 | D        | Reached skill level 10 in Long Blades
  1230 | D        | Killed a death yak
  1230 | D        | Reached XP level 11. HP: 72/76 MP: 13/19
  1245 | D        | Killed a death yak
  1245 | D        | Received a gift from Okawaru
  1393 | D        | Noticed Erica
  1410 | D        | Killed Erica
  1683 | D        | Noticed an orc high priest
  1683 | D        | Noticed an orc knight
  1684 | D        | Noticed an orc sorcerer
  1690 | D        | Killed an orc high priest
  1704 | D        | Killed an orc knight
  1707 | D        | Killed an orc sorcerer
  1707 | D        | Reached skill level 10 in Dodging
  1712 | D        | Noticed an orc high priest
  1726 | D        | Received a gift from Okawaru
  1757 | D        | HP: 1/78 [orc high priest/divine providence (17)]
  1761 | D        | Killed an orc high priest
  1801 | D        | Identified a +0 pair of boots of running (Okawaru gifted it to you in the Dungeon)
  2041 | D        | Found Daucra Nadghi's Weapon Emporium.
  2041 | D        | Noticed an orc sorcerer
  2041 | D        | Noticed an orc sorcerer
  2041 | D        | Noticed an orc sorcerer
  2041 | D        | Noticed an orc sorcerer
  2042 | D        | Noticed an orc sorcerer
  2045 | D        | Killed an orc sorcerer
  2046 | D        | Found Meiggot's Food Shoppe.
  2046 | D        | Noticed an orc sorcerer
  2048 | D        | Noticed an orc sorcerer
  2053 | D        | Killed an orc sorcerer
  2054 | D        | Found Yfitaonk's Weapon Emporium.
  2054 | D        | Paralysed by an orc sorcerer for 6 turns
  2063 | D        | Killed an orc sorcerer
  2064 | D        | Noticed an orc sorcerer
  2074 | D        | Killed an orc sorcerer
  2075 | D        | Found Guthrum's Food Shoppe.
  2080 | D        | Noticed an orc sorcerer
  2087 | D        | Noticed an orc sorcerer
  2093 | D        | Killed an orc sorcerer
  2093 | D        | Reached XP level 12. HP: 70/84 MP: 17/21
  2114 | D        | Noticed a soul eater
  2138 | D        | Paralysed by an orc sorcerer for 5 turns
  2140 | D        | Noticed a soul eater
  2177 | D        | Reached ****** piety under Okawaru
  2360 | D        | Bought a ration for 50 gold pieces
  2360 | D        | Bought a ration for 50 gold pieces
  2360 | D        | Bought a ration for 50 gold pieces
  2360 | D        | Bought a ration for 50 gold pieces
  2360 | D        | Bought a ration for 50 gold pieces
  2360 | D        | Bought a ration for 50 gold pieces
  2360 | D        | Bought a ration for 50 gold pieces
  2360 | D        | Bought a ration for 50 gold pieces
  2424 | D        | Noticed Gastronok
  2441 | D        | Killed Gastronok
  2529 | D        | Noticed a two-headed ogre
  2529 | D        | Noticed an eight-headed hydra
  2541 | D        | Killed a two-headed ogre
  2544 | D        | Killed a five-headed hydra
  2546 | D        | Received a gift from Okawaru
  2549 | D        | Noticed a deep troll earth mage
  2556 | D        | Noticed an ogre mage
  2565 | D        | Noticed an ettin
  2566 | D        | Noticed a fire giant
  2572 | D        | Killed a deep troll earth mage
  2577 | D        | Noticed a red very ugly thing
  2582 | D        | Killed an ogre mage
  2583 | D        | Noticed a centaur warrior
  2595 | D        | Killed a fire giant
  2595 | D        | Reached skill level 15 in Armour
  2595 | D        | Reached skill level 15 in Shields
  2608 | D        | Killed a red very ugly thing
  2608 | D        | Reached skill level 15 in Fighting
  2608 | D        | Reached XP level 13. HP: 58/92 MP: 20/23
  2618 | D        | Killed an ettin
  2638 | D        | Got an ancient scimitar {god gift}
  2639 | D        | Identified the +8 scimitar "Velak" {flame, Str+5 Int+2} (Okawaru gifted it to you in the Dungeon)
  2829 | D        | Noticed Agnes
  2844 | D        | Killed Agnes
  2844 | D        | Received a gift from Okawaru
  3018 | D        | Noticed an entropy weaver
  3019 | D        | Noticed a spark wasp
  3066 | D        | Killed an entropy weaver
  3072 | D        | Reached skill level 15 in Invocations
  3297 | D        | Killed a spark wasp
  3328 | D        | Noticed a thorn hunter
  3348 | D        | Killed a thorn hunter
  3355 | D        | Received a gift from Okawaru
  3427 | D        | Noticed a nagaraja
  3436 | D        | Received a gift from Okawaru
  3451 | D        | Killed a nagaraja
  3451 | D        | Gained mutation: Your large and strong wings let you fly indefinitely. [Gargoyle growth]
  3451 | D        | Reached XP level 14. HP: 97/100 MP: 19/25
  3550 | D        | Noticed Nergalle
  3565 | D        | Killed Nergalle
  3577 | D        | Noticed Saint Roka
  3613 | D        | Killed Saint Roka
  3880 | D        | Noticed a brown very ugly thing
  3880 | D        | Noticed a frost giant
  3886 | D        | Killed a brown very ugly thing
  3887 | D        | Noticed a stone giant
  3905 | D        | Noticed a vampire knight
  3909 | D        | Noticed a fire giant
  3915 | D        | Reached skill level 15 in Long Blades
  3928 | D        | Killed a frost giant
  3928 | D        | Received a gift from Okawaru
  3936 | D        | Killed a stone giant
  3950 | D        | HP: 5/103 [something/vampiric draining (4)]
  4399 | D        | Killed a vampire knight
  4430 | D        | HP: 1/103 [fire giant/fireball (35)]
  4434 | D        | Killed a fire giant
  4759 | D        | Noticed a green very ugly thing
  4760 | D        | Noticed a stone giant
  4771 | D        | Killed a green very ugly thing
  4785 | D        | Killed a stone giant
  4938 | D        | Noticed an ironheart preserver
  4946 | D        | Killed an ironheart preserver
  4946 | D        | Reached XP level 15. HP: 109/109 MP: 20/27
  5007 | D        | Noticed a sphinx
  5019 | D        | Received a gift from Okawaru
  5044 | D        | Noticed a vault warden
  5051 | D        | Reached skill level 15 in Dodging
  5065 | D        | Killed a sphinx
  5094 | D        | Killed a vault warden
  5346 | D        | Got a pair of fine gloves {god gift}
  5357 | D        | Identified the +2 pair of gloves of Least Resistance {rF- rC+++ Int+2 Stlth+} (Okawaru gifted it to you in the Dungeon)
  5416 | D        | Noticed Kirke
  5430 | D        | Killed Kirke
  5448 | D        | Noticed Nikola
  5484 | D        | Killed Nikola
  5679 | D        | Got the +3 plate armour of the Albatross {Dex+4}
  5843 | D        | Received a gift from Okawaru
  5879 | D        | Got a decaying rune of Zot
  5895 | D        | Noticed Ilsuiw
  5936 | D        | Killed Ilsuiw
  5936 | D        | Reached XP level 16. HP: 116/118 MP: 25/29
  5973 | D        | Got a barnacled rune of Zot
  6056 | D        | Received a gift from Okawaru
  6087 | D        | Got a gossamer rune of Zot
  6209 | D        | Noticed a nagaraja
  6209 | D        | Noticed a nagaraja
  6210 | D        | Noticed a nagaraja
  6216 | D        | Noticed a nagaraja
  6219 | D        | Killed a nagaraja
  6219 | D        | Received a gift from Okawaru
  6238 | D        | Killed a nagaraja
  6253 | D        | Killed a nagaraja
  6255 | D        | Noticed a nagaraja
  6263 | D        | Killed a nagaraja
  6278 | D        | Killed a nagaraja
  6280 | D        | Got a serpentine rune of Zot
  6354 | D        | Noticed Aizul
  6373 | D        | Killed Aizul
  6402 | D        | Noticed a tengu reaver
  6402 | D        | Noticed Sojobo
  6404 | D        | Noticed a tengu reaver
  6410 | D        | Killed a tengu reaver
  6423 | D        | Killed Sojobo
  6428 | D        | Killed a tengu reaver
  6520 | D        | Reached XP level 17. HP: 128/128 MP: 29/31
  6625 | D        | Received a gift from Okawaru
  6635 | D        | Noticed a sphinx
  6656 | D        | Paralysed by a sphinx for 6 turns
  6665 | D        | Killed a sphinx
  6804 | D        | Noticed a sphinx
  6804 | D        | Noticed a golden dragon
  6804 | D        | Noticed a golden dragon
  6808 | D        | Killed a sphinx
  6809 | D        | Noticed a lich
  6816 | D        | Noticed an Ice Fiend
  6821 | D        | Killed a golden dragon
  6833 | D        | Killed a golden dragon
  6833 | D        | Received a gift from Okawaru
  6844 | D        | Noticed a titan
  6860 | D        | Killed a lich
  6871 | D        | Killed a titan
  6875 | D        | Got a silver rune of Zot
  6879 | D        | Got a warped turquoise ring
  6907 | D        | Identified the ring "Visk" {*Corrode rC+ rN+ MR+} (You found it in the Dungeon)
  7001 | D        | Noticed Xtahua
  7012 | D        | Killed from afar by Xtahua

Skill      XL: |  1  2  3  4  5  6  7  8  9 10 11 12 13 14 15 16 17 |
---------------+----------------------------------------------------+-----
Long Blades    | 3 4 5 6 8 9 10 11 12 14 15 17 19 20 | 20.6
Fighting       | 4 5 6 7 8 9 10 12 13 15 16 18 20 22 23 | 23.7
Armour         | 4 5 6 7 8 9 11 12 13 15 16 18 20 22 23 | 23.8
Dodging        | 2 3 4 5 7 8 9 10 11 13 14 16 17 19 | 19.1
Shields        | 4 5 6 7 8 9 10 12 13 15 16 18 20 22 23 | 23.7
Invocations    | 2 4 5 7 9 10 12 14 15 17 19 21 23 | 23.3

Action                   |  1- 3 |  4- 6 |  7- 9 | 10-12 | 13-15 | 16-18 || total
-------------------------+-------+-------+-------+-------+-------+-------++-------
Melee: Long sword        |    35 |     3 |       |       |       |       ||    38
       Scimitar          |       |    39 |   116 |   434 |   666 |   529 ||  1784
Invok: Heroism           |       |     1 |     2 |     8 |    12 |     5 ||    28
       Finesse           |       |       |       |     6 |     9 |     5 ||    20
  Use: Potion            |       |     1 |     2 |     5 |     5 |       ||    13
       Scroll            |       |       |       |       |     3 |     4 ||     7
  Eat: Ration            |       |       |     1 |     1 |     3 |     1 ||     6
Armor: Scale mail        |    13 |     1 |       |       |       |       ||    14
       Chain mail        |       |    25 |    23 |    59 |    25 |       ||   132
       Plate armour      |       |       |       |       |    73 |   107 ||   180
Dodge: Dodged            |     6 |    15 |    24 |    73 |   145 |   119 ||   382
Block: Shield            |    17 |    16 |    58 |   100 |   247 |   221 ||   659
       Rpst.: Long sword |     4 |     2 |       |       |       |       ||     6
       Scimitar          |       |     2 |    10 |    21 |    18 |    20 ||    71
